 Dungeon Crawl Stone Soup version 0.25-a0-388-g41a7e554cb (webtiles) character file.

Game seed: 911319491539958931, levelgen mode: deterministic

1557 Borgoz the Cudgeler (level 8, 0/51 HPs)
             Began as a Gargoyle Berserker on Jan 7, 2020.
             Was an Elder of Trog.
             Killed from afar by a raiju (1 damage)
             ... with a living lightning
             ... on level 2 of the Abyss.
             The game lasted 00:07:55 (5853 turns).

Borgoz the Cudgeler (Gargoyle Berserker)            Turns: 5853, Time: 00:07:55

Health: 0/51       AC: 18    Str: 23    XL:     8   Next: 88%
Magic:  8/8        EV:  9    Int:  8    God:    Trog [****..]
Gold:   122        SH:  0    Dex:  9    Spells: 7/7 levels left

rFire    . . .     SeeInvis .   a - +0 mace
rCold    . . .     Gourm    .   (no shield)
rNeg     + . .     Faith    .   e - +0 chain mail (curse)
rPois    ∞         Spirit   .   g - +0 helmet (curse)
rElec    +         Reflect  .   y - +0 cloak {MR+}
rCorr    .         Harm     .   (no gloves)
MR       +....                  (no boots)
Stlth    ..........             n - amulet of magic regeneration
HPRegen  0.17/turn              (no ring)
MPRegen  0.36/turn              (no ring)

@: berserk cooldown, slowed, very slow
A: negative energy resistance 1, electricity resistance, unbreathing,
petrification resistance, rot immunity, AC +5
a: Berserk, Trog's Hand, Brothers in Arms, Renounce Religion


You were on level 2 of the Abyss.
You worshipped Trog.
Trog was greatly pleased with you.
You were very hungry.

You visited 1 branch of the dungeon, and saw 6 of its levels.
You visited the Abyss 1 time.

You collected 236 gold pieces.
You spent 114 gold pieces at shops.

Inventory:

Hand Weapons
 a - a +0 mace (weapon)
 x - the +6 rapier "Osihiduf" {pierce, rC+ MP+9 Int+3, unknown}
   (You found it on level 5 of the Dungeon)

   It inflicts extra damage upon your enemies.
   It affects your intelligence (+3).
   It protects you from cold.
   It affects your magic capacity (+9).
Armour
 e - a cursed +0 chain mail (worn)
 g - a cursed +0 helmet (worn)
 o - a cursed +0 chain mail
 u - a +0 cloak
 y - a +0 cloak of magic resistance (worn)
Jewellery
 n - an amulet of magic regeneration (around neck)
Wands
 f - a wand of flame (54)
 t - a wand of digging (12)
Scrolls
 b - a scroll of fog
 d - 2 scrolls of remove curse {unknown}
 h - 5 scrolls of teleportation
 l - a scroll of enchant weapon
 p - 2 scrolls of magic mapping
 s - 3 scrolls of enchant armour {unknown}
Potions
 i - a potion of resistance
 j - a potion of flight
 k - a potion of haste
 m - 2 potions of berserk rage
 q - a potion of might
 r - 2 potions of ambrosia
 v - a potion of degeneration {unknown}
 w - a potion of heal wounds
 A - 3 potions of lignification {unknown}
Comestibles
 c - 12 rations
 z - 2 chunks of flesh


   Skills:
 + Level 6.2 Fighting
 * Level 7.5 Maces & Flails
 + Level 5.6 Armour
 + Level 4.2 Dodging


You had 7 spell levels left.
You didn't know any spells.
Your spell library was empty.

Dungeon Overview and Level Annotations

Branches:
Dungeon (6/15)             Temple (0/1) D:4

Altars:
Dithmenos
Fedhas
Kikubaaqudgha
Okawaru
Ru
Uskayaw
Zin

Shops:
D:6 ?%[

Annotations:
D:6 Eustachio


Innate Abilities, Weirdness & Mutations

You are resistant to torment.
Your stone body is resilient. (AC +5)
You are immune to poison.
You resist negative energy. (rN+)
You are resistant to electric shocks. (rElec)
You can survive without breathing.
You are immune to petrification.
You are immune to rotting.


Message History

The living lightning hits you. You resist.
* * * LOW HITPOINT WARNING * * *
The raiju blinks!
The raiju bites you but does no damage.
You see here 23 gold pieces.
You thump the raiju!
The raiju is moderately wounded.
You are no longer berserk.
You are exhausted.
You feel yourself slow down. The raiju bites you.
* * * LOW HITPOINT WARNING * * *
The raiju shocks you. You resist.
* * * LOW HITPOINT WARNING * * *
The raiju bites you.
* * * LOW HITPOINT WARNING * * *
The raiju shocks you. You resist.
* * * LOW HITPOINT WARNING * * *
The raiju bursts into living lightning!
The living lightning hits the raiju.
The raiju completely resists.
The living lightning hits you. You resist.
You die...

#. #. . . .#.#..# .
.. .. # .....# .
....#..# .# .
##........##. # .
..#.#.#...## . .
....#.....# .. # .
... # ..#.###
....#..#....$#####.#
###.### ..##.hh@h..#
#..........#§h.#.#
.................#
........###..### .#
###### #...# ##...#
..#.# #.#.#


You could see 4 raiju.

Vanquished Creatures
  Sigmund (D:5)
  2 phantoms
  An orc warrior (D:6)
  An ice beast (D:5)
  3 ogres
  A water moccasin zombie (D:2)
  3 crimson imps
  A bullfrog skeleton (D:5)
  2 bullfrog zombies
  2 jellies
  An orc priest (D:6)
  2 hounds
  2 orc wizards
  An iguana (D:5)
  Jessica (D:2)
  A worker ant (D:5)
  A hound skeleton (D:5)
  Robin (D:2)
  11 adders
  2 oozes (D:3)
  7 worms
  4 dart slugs
  4 leopard geckos
  4 orcs
  5 giant cockroaches
  18 goblins
  8 hobgoblins
  7 jackals
  A quokka (D:3)
  2 ball pythons
  7 bats
  6 frilled lizards
  6 kobolds
  A leopard gecko skeleton (D:2)
  2 quokka skeletons
  16 rats
  4 fungi (D:3)
142 creatures vanquished.

Notes
Turn   | Place    | Note
-------+----------+-------------------------------------------
     0 | D:1      | Borgoz the Gargoyle Berserker began the quest for the Orb.
     0 | D:1      | Reached XP level 1. HP: 14/14 MP: 1/1
    60 | D:1      | Reached XP level 2. HP: 10/19 MP: 2/2
   816 | D:2      | Reached XP level 3. HP: 22/23 MP: 3/3
   817 | D:2      | Reached ** piety under Trog
  1006 | D:2      | Reached skill level 4 in Maces & Flails
  1006 | D:2      | Reached XP level 4. HP: 8/29 MP: 4/4
  1384 | D:2      | Noticed Jessica
  1402 | D:2      | Killed Jessica
  1402 | D:2      | Reached XP level 5. HP: 23/33 MP: 5/5
  1611 | D:2      | Noticed Robin
  1653 | D:2      | Killed Robin
  1878 | D:2      | Reached *** piety under Trog
  2015 | D:3      | Found a blossoming altar of Fedhas.
  2033 | D:3      | Reached XP level 6. HP: 26/38 MP: 6/6
  2720 | D:3      | Reached skill level 5 in Maces & Flails
  3179 | D:4      | Noticed a phantom
  3262 | D:4      | Killed a phantom
  3262 | D:4      | Reached XP level 7. HP: 23/44 MP: 7/7
  3457 | D:4      | Found a staircase to the Ecumenical Temple.
  3614 | D:4      | Found an ancient bone altar of Kikubaaqudgha.
  3617 | D:4      | Found a glowing silver altar of Zin.
  3618 | D:4      | Found a shadowy altar of Dithmenos.
  3715 | D:4      | Found an iron altar of Okawaru.
  3715 | D:4      | Found a hide-covered altar of Uskayaw.
  3780 | D:4      | Reached **** piety under Trog
  3931 | D:4      | Reached skill level 5 in Fighting
  4139 | D:5      | Entered Level 5 of the Dungeon
  4321 | D:5      | Reached skill level 6 in Maces & Flails
  4450 | D:5      | Reached XP level 8. HP: 25/50 MP: 8/8
  4705 | D:5      | Found a sacrificial altar of Ru.
  4855 | D:5      | Got a transparent rapier
  5077 | D:5      | Noticed Sigmund
  5089 | D:5      | Killed Sigmund
  5089 | D:5      | Reached skill level 5 in Armour
  5239 | D:6      | Found Pyucibug's Magic Scroll Emporium.
  5244 | D:6      | Bought a scroll of identify for 24 gold pieces
  5244 | D:6      | Bought a scroll of identify for 24 gold pieces
  5244 | D:6      | Bought a scroll of identify for 24 gold pieces
  5244 | D:6      | Bought a scroll of magic mapping for 42 gold pieces
  5421 | D:6      | Reached skill level 7 in Maces & Flails
  5649 | D:6      | Found Kogeinky's Food Boutique.
  5650 | D:6      | Found Piurruck's Armour Emporium.
  5767 | D:6      | Noticed Eustachio
  5785 | D:6      | Cast into level 1 of the Abyss (Eustachio)
  5838 | Abyss:2  | Noticed a raiju
  5838 | Abyss:2  | Noticed a raiju
  5838 | Abyss:2  | Noticed a raiju
  5843 | Abyss:2  | Noticed a raiju
  5853 | Abyss:2  | HP: 1/51 [raiju (3)]
  5853 | Abyss:2  | Killed from afar by a raiju

Levels and vault maps discovered:
D:1:      evilmike_arrival_hilbert_curve, layout_rooms
D:2:      layout_basic, first_ration, kennysheep_cross_room,
          kennysheep_generic_room_8, uniq_jessica, uniq_robin
D:3:      layout_loops_ring, fedhas_altar_3
D:4:      layout_rooms, minitemple, chequers_temple_overflow_statue_of_worship,
          minmay_temple_entry_mini_moons, grunt_ministairs_7
D:5:      layout_loops_cross, lemuel_coloured_pillars_altar,
          grunt_ministairs_12, uniq_sigmund
D:6:      layout_layer_cave, serial_shops, kennysheep_little_box, shop, shop,
          shop, shop, uniq_eustachio
Abyss:2:  base: D:1, evilmike_abyss_exit_chaos

Skill      XL: |  1  2  3  4  5  6  7  8 |
---------------+-------------------------+-----
Maces & Flails | 4 5 6 7 |  7.5
Dodging        | 2 3 4 |  4.2
Armour         | 3 4 5 |  5.6
Fighting       | 4 5 6 |  6.2

Action                   |  1- 3 |  4- 6 |  7- 9 || total
-------------------------+-------+-------+-------++-------
Melee: Mace              |   111 |   311 |   294 ||   716
Invok: Berserk           |     2 |     1 |     5 ||     8
  Use: Potion            |       |     2 |       ||     2
       Scroll            |       |       |    11 ||    11
  Eat: Chunk             |     2 |     9 |    13 ||    24
Armor: Animal skin       |     7 |       |       ||     7
       Chain mail        |    69 |   173 |   190 ||   432
Dodge: Dodged            |    85 |   160 |   131 ||   376

Table legend:
 A = Non-vault XP
 B = Vault XP
 C = Vault XP percentage of total XP
 D = Non-vault monster count
 E = Vault monster count
 F = Vault count percentage of total count
                 A         B        C        D         E       F
            +---------+---------+-------+---------+---------+-------
      Total |    1672 |     553 |  24.9 |     119 |      19 |  13.8
            +---------+---------+-------+---------+---------+-------
        D:1 |      32 |       0 |   0.0 |      22 |       0 |   0.0
        D:2 |     171 |      70 |  29.0 |      29 |      14 |  32.6
        D:3 |     255 |       0 |   0.0 |      28 |       0 |   0.0
        D:4 |     218 |     122 |  35.9 |      11 |       2 |  15.4
        D:5 |     492 |     361 |  42.3 |      14 |       3 |  17.6
        D:6 |     504 |       0 |   0.0 |      15 |       0 |   0.0
            +---------+---------+-------+---------+---------+-------
